 Dungeon Crawl Stone Soup version 0.19.5 (webtiles) character file.

25192 Naow the Ripper (level 12, -3/64 HPs)
             Began as a Felid Berserker on Apr 5, 2017.
             Was the Champion of Trog.
             Succumbed to an emperor scorpion's poison
             ... on level 3 of the Lair of Beasts on Apr 30, 2017.
             The game lasted 01:29:45 (29082 turns).

Naow the Ripper (Felid Berserker)                  Turns: 29082, Time: 01:29:46

Health: -3/64      AC:  3    Str: 17    XL:     12   Next: 87%
Magic:  13/13      EV: 33    Int:  9    God:    Trog [******]
Gold:   2185       SH:  4    Dex: 20    Spells: 0 memorised, 11 levels left
                                        Lives:  0   Deaths: 4

rFire  . . .     SeeInvis +       - Unarmed
rCold  + . .     Gourm    .     (armour unavailable)
rNeg   . . .     Faith    .     (shield unavailable)
rPois  .         Spirit   .     (helmet unavailable)
rElec  .         Reflect  +     (cloak unavailable)
rCorr  .         Harm     .     (gloves unavailable)
MR     +....                    (boots unavailable)
Stlth  ++++++....               v - +4 amulet of reflection
                                o - +4 ring of dexterity
                                L - +5 ring of evasion

@: lethally poisoned (-3 -> -42), exhausted, slowed, slow
A: no armour, no weapons or thrown items, stealth, claws 1, fangs 3, see
invisible, carnivore 3, speed 1, shaggy fur 3, slow metabolism 1, sharp paws
a: Berserk, Trog's Hand, Brothers in Arms, Burn Spellbooks, Renounce Religion


You were on level 3 of the Lair of Beasts.
You worshipped Trog.
Trog was exalted by your worship.
You were very full.

You visited 5 branches of the dungeon, and saw 23 of its levels.

You collected 2185 gold pieces.

Inventory:

Jewellery
 o - a +4 ring of dexterity (right paw)
 q - an uncursed ring of protection from cold
 s - an uncursed ring of poison resistance
 v - a +4 amulet of reflection (around neck)
 C - an uncursed ring of protection from fire
 L - a +5 ring of evasion (left paw)
Wands
 i - a wand of teleportation (5/9)
 n - a wand of disintegration (15/24)
 r - a wand of lightning (9/15)
 F - a wand of hasting (5/9)
 N - a wand of disintegration (11/24)
 W - a wand of acid (8/15)
Scrolls
 c - 14 scrolls of teleportation
 d - 11 scrolls of remove curse
 f - 3 scrolls of magic mapping
 h - 2 scrolls of blinking
 t - a scroll of fog
 y - 2 scrolls of recharging
 z - 4 scrolls of identify
 R - a scroll of fear
 X - a scroll of summoning
Potions
 b - a potion of cancellation {unknown}
 e - a potion of flight {unknown}
 g - 9 potions of curing
 k - 2 potions of agility
 l - a potion of haste
 m - 5 potions of berserk rage
 p - 3 potions of brilliance {unknown}
 u - a potion of heal wounds
 x - 3 potions of lignification
 G - 2 potions of cure mutation
 M - a potion of ambrosia
 T - a potion of might
 Y - a potion of mutation
Books
 Q - a book of Callings

   Spells                             Type                      Level
   a - Summon Small Mammal            Summoning                    1
   b - Call Imp                       Summoning                    2
   c - Call Canine Familiar           Summoning                    3
   d - Summon Guardian Golem          Hexes/Summoning              3
   e - Summon Lightning Spire         Summoning/Air                4
   f - Summon Ice Beast               Ice/Summoning                4
   Trog disapproves of the use of such an item.
Comestibles
 a - 10 meat rations
 j - 3 beef jerkies
 w - 3 slices of pizza
 A - a chunk of flesh
 K - 4 royal jellies


   Skills:
 + Level 14.6 Fighting
 - Level 10.9 Dodging
 - Level 11.9 Stealth
 + Level 18.3 Unarmed Combat


You had 11 spell levels left.
You didn't know any spells.

Dungeon Overview and Level Annotations

Branches:
Dungeon (13/15)            Temple (0/1) D:4            Lair (6/6) D:9
 Shoals (1/4) Lair:3       Spider (1/4) Lair:3        Slime (0/5) Lair:6
    Orc (2/2) D:9             Elf (0/3) Orc:2
 Vaults: D:13-14

Altars:
Fedhas
Makhleb
Nemelex Xobeh
Qazlal
Sif Muna
Uskayaw
Yredelemnul
Jiyva

Shops:
D:12 (   Orc:2 [=![[

Portals:
Hell: Lair:6


Innate Abilities, Weirdness & Mutations

You cannot wear armour.
You are incapable of wielding weapons or throwing items.
Your paws allow you to move quietly. (Stealth)
You have sharp claws.
You have razor-sharp teeth.
You have supernaturally acute eyesight. (SInv)
You are carnivorous and can eat meat at any time.
You cover ground quickly.
Your thick and shaggy fur keeps you warm. (AC +3, rC+)
You have a slow metabolism.
Your sharp claws are effective at attacking unaware monsters.


Message History

* * * LOW HITPOINT WARNING * * *
You feel sick.
You can't go down here!
* * * LOW HITPOINT WARNING * * *
You feel very sick.
You climb upwards.
Welcome back to the Lair of Beasts!
You feel a strong urge to attack something.
* * * LOW HITPOINT WARNING * * *
You feel very sick.
There is a hole to the Spider Nest here.
There is a lethal amount of poison in your body!
There is a lethal amount of poison in your body!
* * * LOW HITPOINT WARNING * * *
You feel very sick.
You feel your anger subside.
You are no longer berserk.
You are exhausted.
You feel yourself slow down.
* * * LOW HITPOINT WARNING * * *
You feel sick.
You die...

...........P#...#####........####
...........###.#####........####.
...........###.P#P##........#.##.
.............†....###.......##...
#####.#.....###^..^.##...........
###......###..^^^^#..........
###....†..^^#...^##...>.##...
##....#....^^^^...#..#....#... #
#...........^@^..^.......#.... #
#.......^...^^^#.........#.... #
##............##....#..###.... #
#.........#.##...^...## ##.P# #
#..#......###........# #### #
##....#..^.###.......## #
#..P.##.....#........#
####..###.#.#..##.##...## ##....#
#####.P######..#


There were no monsters in sight!

Vanquished Creatures
  An emperor scorpion (Spider:1)
  A stone giant (Orc:2)
  2 dire elephants (Lair:6)
  Snorg (D:12)
  Erolcha (D:12)
  4 hydras
  A centaur warrior (Orc:2)
  Erica (Lair:1)
  A queen ant (Lair:3)
  An orc high priest (Orc:1)
  Nergalle (Lair:2)
  A sixfirhy (Lair:6)
  An unseen horror (D:11)
  A wizard (Lair:6)
  2 hill giants
  A lindwurm (Lair:4)
  4 orc knights
  A wolf spider (Spider:1)
  3 cyclopes
  An orc sorcerer (Orc:2)
  A manticore (D:12)
  10 elephants
  2 black mambas (Lair:6)
  Psyche (D:8)
  A smoke demon (Lair:6)
  A molten gargoyle (Lair:2)
  2 torpor snails (Lair:5)
  2 orange demons (Lair:6)
  14 spiny frogs
  7 komodo dragons
  The ghost of Yarinad the Covered, a novice GrFi (D:5)
  4 rime drakes
  4 ice devils (Lair:6)
  A hellwing (Lair:6)
  4 polar bears
  A red devil (Lair:6)
  6 trolls
  3 jumping spiders
  A hornet (Lair:2)
  A two-headed ogre (D:12)
  12 blink frogs
  8 hippogriffs
  A tarantella (Lair:3)
  2 water elementals
  3 redbacks (Lair:3)
  68 yaks
  5 wyverns
  A vampire (D:10)
  A steam dragon (Lair:4)
  The ghost of tschems the Shield-Bearer, an amateur HuFi (D:3)
  2 hungry ghosts
  20 soldier ants (Lair:3)
  2 wargs
  33 orc warriors
  11 porcupines
  19 water moccasins
  An eye of draining (D:10)
  2 hell hounds (Lair:6)
  3 ice beasts
  2 phantoms
  3 sky beasts
  A necrophage (D:6)
  6 wolves (Lair:2)
  11 ogres
  12 centaurs
  16 crocodiles
  3 big kobolds
  16 bullfrogs
  2 scorpions
  39 killer bees
  6 wights
  6 electric eels (D:11)
  3 howler monkeys
  A bullfrog zombie (D:11)
  6 crimson imps
  A quasit (D:10)
  6 hounds
  2 jellies
  10 orc priests
  A bullfrog skeleton (D:5)
  A centaur zombie (D:6)
  7 centaur skeletons
  18 orc wizards
  5 iguanas
  Natasha (thrice) (D:4)
  28 worker ants
  2 killer bee zombies
  2 hound skeletons
  A howler monkey skeleton (D:8)
  14 adders
  5 shadow imps
  13 white imps
  An ooze (D:5)
  3 adder skeletons
  2 worms
  4 dart slugs
  The ghost of Lichfox the Grave Robber, a weakling HuNe (D:4)
  6 leopard geckos
  67 orcs
  3 giant cockroaches
  6 goblins
  7 hobgoblins
  13 jackals
  4 quokkas
  7 bats
  2 jackal skeletons (D:4)
  16 kobolds
  10 rats
696 creatures vanquished.

Vanquished Creatures (others)
  An orc (Orc:2)
  A bush (Lair:4)
  3 fungi
  21 plants
26 creatures vanquished.

Grand Total: 722 creatures vanquished

Notes
Turn   | Place    | Note
-------+----------+-------------------------------------------
     0 | D:1      | Naow the Felid Berserker began the quest for the Orb.
     0 | D:1      | Reached XP level 1. HP: 10/10 MP: 2/2
   416 | D:1      | Reached XP level 2. HP: 14/14 MP: 3/3
  1194 | D:2      | Reached XP level 3. HP: 17/17 MP: 4/4
  1229 | D:2      | Reached ** piety under Trog
  1354 | D:2      | Reached skill level 5 in Dodging
  1617 | D:2      | Reached skill level 1 in Stealth
  1617 | D:2      | Reached XP level 4. HP: 8/21 MP: 5/5
  2219 | D:2      | Reached skill level 4 in Unarmed Combat
  2308 | D:3      | Noticed tschems's ghost (amateur HuFi)
  2595 | D:3      | Found a stormy altar of Qazlal.
  2608 | D:3      | Killed tschems's ghost
  2608 | D:3      | Reached XP level 5. HP: 18/24 MP: 6/6
  2823 | D:3      | Found a basalt altar of Yredelemnul.
  3094 | D:3      | Found a deep blue altar of Sif Muna.
  3097 | D:3      | Reached skill level 5 in Unarmed Combat
  3097 | D:3      | Gained mutation: You are covered in thick fur. (AC +2) [Felid growth]
  3097 | D:3      | Reached XP level 6. HP: 28/28 MP: 7/7
  3108 | D:3      | Found a blossoming altar of Fedhas.
  3485 | D:4      | Noticed Natasha
  3488 | D:4      | Killed Natasha
  3494 | D:4      | Noticed Natasha
  3503 | D:4      | Killed Natasha
  3503 | D:4      | Reached XP level 7. HP: 10/31 MP: 8/8
  3517 | D:4      | Reached skill level 6 in Unarmed Combat
  3630 | D:4      | Found a staircase to the Ecumenical Temple.
  3705 | D:4      | Noticed Natasha
  3714 | D:4      | Noticed Lichfox's ghost (weakling HuNe)
  3720 | D:4      | Killed Natasha
  3724 | D:4      | Killed Lichfox's ghost
  3728 | D:4      | Reached *** piety under Trog
  4396 | D:5      | Entered Level 5 of the Dungeon
  4407 | D:5      | Reached skill level 5 in Stealth
  4641 | D:5      | Noticed Yarinad's ghost (novice GrFi)
  4653 | D:5      | Killed Yarinad's ghost
  4653 | D:5      | Reached skill level 7 in Unarmed Combat
  4653 | D:5      | Reached XP level 8. HP: 35/35 MP: 9/9
  5454 | D:5      | Reached skill level 8 in Unarmed Combat
  5801 | D:5      | Found a sparkling altar of Nemelex Xobeh.
  6107 | D:6      | Reached skill level 9 in Unarmed Combat
  6445 | D:7      | Reached XP level 9. HP: 38/38 MP: 10/10
  6775 | D:7      | Reached **** piety under Trog
  7384 | D:8      | Reached skill level 10 in Unarmed Combat
  7467 | D:8      | Reached skill level 10 in Stealth
  7743 | D:8      | Reached skill level 11 in Unarmed Combat
  7756 | D:8      | Noticed Psyche
  7854 | D:8      | Killed Psyche
  7859 | D:8      | Reached XP level 10. HP: 42/42 MP: 11/11
  8668 | D:9      | Reached skill level 12 in Unarmed Combat
  8842 | D:9      | Found a staircase to the Orcish Mines.
  8864 | D:10     | Entered Level 10 of the Dungeon
  9312 | D:9      | Found a staircase to the Lair.
 10273 | D:9      | Found a hide-covered altar of Uskayaw.
 10399 | D:10     | Noticed a hill giant
 10414 | D:10     | Killed a hill giant
 10500 | D:10     | Reached ***** piety under Trog
 10860 | D:10     | Reached skill level 13 in Unarmed Combat
 10860 | D:10     | Reached XP level 11. HP: 46/46 MP: 12/12
 10872 | D:10     | Reached skill level 5 in Fighting
 11151 | D:11     | Noticed a four-headed hydra
 11161 | D:11     | Killed a four-headed hydra
 11280 | D:11     | Noticed an unseen horror
 11303 | D:11     | Killed an unseen horror
 12191 | D:12     | Noticed Erolcha
 12202 | D:12     | Slain by Erolcha
 12203 | D:12     | Reached XP level 10. HP: -5/67 MP: 11/11
 12235 | D:12     | Killed Erolcha
 12619 | D:13     | Noticed a skeletal warrior
 12619 | D:13     | Noticed a skeletal warrior
 12619 | D:13     | Noticed a skeletal warrior
 12756 | D:12     | Found Xaqiud's Weapon Emporium.
 12759 | D:12     | Noticed a cyclops
 12761 | D:12     | Reached skill level 10 in Dodging
 12776 | D:12     | Reached skill level 14 in Unarmed Combat
 12786 | D:12     | Killed a cyclops
 12786 | D:12     | Reached XP level 11. HP: 49/49 MP: 12/12
 13303 | D:12     | Noticed Snorg
 13341 | D:12     | Killed Snorg
 13465 | D:12     | Noticed a green ugly thing
 14128 | D:11     | Noticed a hill giant
 14331 | D:11     | Killed a hill giant
 15729 | D:11     | HP: 2/76 [electric eel/bolt of electricity (7)]
 15732 | D:11     | Killed from afar by an electric eel
 15733 | D:11     | Reached XP level 10. HP: -5/72 MP: 11/11
 16321 | Lair:1   | Entered Level 1 of the Lair of Beasts
 16451 | Lair:1   | Noticed a spiny frog
 16455 | Lair:1   | Killed a spiny frog
 16478 | Lair:1   | Noticed a spiny frog
 16487 | Lair:1   | Killed a spiny frog
 16515 | Lair:1   | Noticed Erica
 16532 | Lair:1   | Reached XP level 11. HP: 52/52 MP: 12/12
 16535 | Lair:1   | Killed Erica
 16660 | Lair:1   | Reached skill level 15 in Unarmed Combat
 17685 | Lair:2   | Reached ****** piety under Trog
 18066 | Lair:2   | Noticed Nergalle
 18081 | Lair:2   | Killed Nergalle
 18114 | Lair:2   | Found a frozen archway.
 18196 | Lair:2   | Reached skill level 10 in Fighting
 18817 | Lair:3   | Found a staircase to the Shoals.
 18893 | Lair:3   | Found a hole to the Spider Nest.
 18990 | Lair:3   | Gained mutation: Your thick and shaggy fur keeps you warm. (AC +3, rC+) [Felid growth]
 18990 | Lair:3   | Reached XP level 12. HP: 58/58 MP: 13/13
 19368 | Lair:3   | Noticed a queen ant
 19400 | Lair:3   | Killed a queen ant
 19475 | Lair:3   | Reached skill level 16 in Unarmed Combat
 20374 | Shoals:1 | Entered Level 1 of the Shoals
 20883 | Lair:4   | Found a burning altar of Makhleb.
 22084 | Lair:5   | Reached XP level 13. HP: 64/64 MP: 14/14
 22959 | Lair:5   | Reached skill level 17 in Unarmed Combat
 23325 | Lair:6   | Entered Level 6 of the Lair of Beasts
 24271 | Lair:6   | Found a viscous altar of Jiyva.
 24271 | Lair:6   | Found a staircase to the Slime Pits.
 24990 | Lair:6   | Noticed a dire elephant
 24996 | Lair:6   | Killed a dire elephant
 24999 | Lair:6   | Noticed a dire elephant
 25017 | Lair:6   | Killed a dire elephant
 25172 | Lair:6   | Found a burning altar of Makhleb.
 25257 | Lair:6   | Reached XP level 14. HP: 70/70 MP: 15/15
 25288 | Lair:6   | Found a gateway to Hell.
 25793 | Orc:1    | Entered Level 1 of the Orcish Mines
 26688 | Orc:2    | Entered Level 2 of the Orcish Mines
 26707 | Orc:2    | Found a staircase to the Elven Halls.
 26779 | Orc:2    | Found Ikuemapp's Armour Shop.
 26913 | Orc:2    | Reached skill level 18 in Unarmed Combat
 27253 | Orc:2    | Noticed a stone giant
 27263 | Orc:2    | Slain by a stone giant
 27264 | Orc:2    | Reached XP level 13. HP: -1/100 MP: 14/14
 27579 | Orc:2    | Killed a stone giant
 27800 | Orc:2    | Shot with a bolt by an orc warrior
 27801 | Orc:2    | Reached XP level 12. HP: -7/64 MP: 13/13
 28462 | Orc:2    | Found Pasafrite's Distillery.
 28462 | Orc:2    | Found Relomiguma's Jewellery Shoppe.
 28464 | Orc:2    | Found Imuliq's Armour Emporium.
 28466 | Orc:2    | Found Ucoxzakk's Antique Armour Shop.
 28575 | Orc:2    | Killed a centaur warrior
 28847 | Spider:1 | Entered Level 1 of the Spider Nest
 28862 | Spider:1 | Noticed an emperor scorpion
 28864 | Spider:1 | HP: 2/64 [tarantella (13)]
 29077 | Spider:1 | Killed an emperor scorpion
 29081 | Lair:3   | HP: 2/64 [poisoned by an emperor scorpion]
 29082 | Lair:3   | Succumbed to an emperor scorpion's poison

Skill      XL: |  1  2  3  4  5  6  7  8  9 10 11 12 13 14 |
---------------+-------------------------------------------+-----
Dodging        | 5 6 7 10 9 | 10.9
Stealth        | 1 2 3 4 6 8 10 11 | 11.9
Unarmed Combat | 4 5 7 9 11 14 15 16 17 18 | 18.3
Fighting       | 8 10 12 13 14 | 14.6

Action                   |  1- 3 |  4- 6 |  7- 9 | 10-12 | 13-15 || total
-------------------------+-------+-------+-------+-------+-------++-------
Melee: Unarmed           |   101 |   100 |   278 |  1032 |   506 ||  2017
       Bite              |     8 |    16 |    28 |   139 |    67 ||   258
       Punch             |     3 |     2 |     8 |    88 |    52 ||   153
Invok: Berserk           |     3 |     5 |     9 |    41 |    25 ||    83
       Trog's Hand       |     1 |     2 |     1 |    13 |     4 ||    21
       Burn Spellbooks   |       |       |     1 |     2 |       ||     3
  Use: Scroll            |       |       |    12 |    11 |     5 ||    28
       Potion            |       |       |       |     3 |     2 ||     5
 Stab: Sleeping          |     2 |     8 |    17 |    43 |    17 ||    87
       Distracted        |       |       |     3 |     7 |     5 ||    15
       Held in net/web   |       |       |       |     1 |       ||     1
  Eat: Chunk             |    11 |     9 |    11 |    96 |    40 ||   167
Armor: Skin              |     4 |     3 |     5 |    13 |    10 ||    35
Dodge: Dodged            |    90 |    78 |   238 |   944 |   513 ||  1863
Block: Other             |       |       |       |    72 |    64 ||   136
       Reflection        |       |       |       |     4 |     7 ||    11
